 Dungeon Crawl Stone Soup version 0.23-a0-436-g57debff (webtiles) character file.

2441 Lavandula the Grappler (level 9, -4/59 HPs)
             Began as an Octopode Hunter on Nov 16, 2018.
             Slain by an ogre
             ... wielding a cursed +0 giant club
              (24 damage)
             ... on level 9 of the Dungeon.
             The game lasted 00:25:19 (3852 turns).

Lavandula the Grappler (Octopode Hunter)            Turns: 3852, Time: 00:25:20

Health: -4/59      AC:  2    Str: 18    XL:     9   Next: 49%
Magic:  9/9        EV: 16    Int: 13    God:
Gold:   443        SH:  0    Dex: 13    Spells: 8/8 levels left

rFire    . . .     SeeInvis .     - Unarmed
rCold    . . .     Gourm    .   (no shield)
rNeg     . . .     Faith    .   y - +1 hat
rPois    .         Spirit   .   (no amulet)
rElec    .         Reflect  .   f - +4 ring of strength
rCorr    .         Harm     .   (no ring)
MR       .....                  (no ring)
Stlth    +++.......             (no ring)
HPRegen  0.19/turn              (no ring)
MPRegen  0.11/turn              (no ring)
                                (no ring)
                                (no ring)

@: no status effects
A: almost no armour, stealthy swim, amphibious, 8 rings, constrict 8, camouflage
1, gelatinous body 1
a: no special abilities


You were on level 9 of the Dungeon.
You were not hungry.

You visited 1 branch of the dungeon, and saw 9 of its levels.
You also visited: Sewer.

You collected 443 gold pieces.

Inventory:

Hand Weapons
 a - a +0 hunting sling
Missiles
 c - 2 throwing nets
 j - 9 tomahawks (quivered)
 q - 48 sling bullets
 x - 3 javelins
Armour
 p - a +0 shield
 y - a +1 hat (worn)
 A - a +0 buckler
Jewellery
 f - a +4 ring of strength (left tentacle)
Wands
 r - a wand of scattershot (3)
 B - a wand of paralysis (5)
Scrolls
 b - a scroll of magic mapping {unknown}
 h - 3 scrolls of amnesia {unknown}
 n - 7 scrolls of fear
 o - 6 scrolls of teleportation
 s - a scroll of remove curse {unknown}
 t - a scroll of enchant weapon {unknown}
 u - a scroll of fog
 v - a scroll of immolation
 w - a scroll of enchant armour {unknown}
Potions
 e - a potion of curing
 g - 4 potions of heal wounds
 i - 2 potions of flight {unknown}
 k - a potion of might {unknown}
 l - a potion of magic {unknown}
 m - 2 potions of degeneration {unknown}
 z - 2 potions of resistance {unknown}
Comestibles
 d - 11 rations
 C - a chunk of flesh


   Skills:
 - Level 4.3 Fighting
 - Level 4.0 Throwing
 - Level 6.1 Dodging
 - Level 1.3 Stealth
 + Level 2.0 Shields
 - Level 9.9 Unarmed Combat
 - Level 1.2 Evocations


You had 8 spell levels left.
You didn't know any spells.
Your spell library contained the following spells:

 Spells                   Type           Power        Failure   Level  Hunger
 Magic Dart               Conj           #...         30%         1    ##.....
 Searing Ray              Conj           #.....       43%         2    ###....
 Dazzling Spray           Conj/Hex       #.....       67%         3    ####...
 Force Lance              Conj/Tloc      #.......     97%         4    #####..
 Fulminant Prism          Conj/Hex       #.........   97%         4    #####..
 Iskenderun's Mystic Bla  Conj           #.......     97%         4    #####..


Dungeon Overview and Level Annotations

Branches:
Dungeon (9/15)
 Temple: D:4-7         Lair: D:8-11         Orc: D:9-12

Altars:
Nemelex Xobeh
Qazlal
Sif Muna

Shops:
D:9 %

Annotations:
D:5 3 runed doors, feelmyfire's ghost, novice NaNe
D:8 2 transporters, Garbasso's ghost, novice OgFE


Innate Abilities, Weirdness & Mutations

You cannot wear most types of armour.
You are very stealthy in the water. (Stealth+)
You are amphibious.
You can wear up to eight rings at the same time.
You can use your tentacles to constrict eight enemies at once.
Your skin changes colour to match your surroundings (Stealth+).
Your rubbery body absorbs attacks. (AC +1, EV +1)


Message History

Evoke which item? (* to show all) (? for menu, Esc to quit)
Aiming: Paralyse
Press: ? - help, Shift-Dir - straight line, f - ogre
Aim: an ogre, wielding a +0 giant club (chance to defeat MR: 50%)
The ogre resists with some effort.
Evoke which item? (* to show all) (? for menu, Esc to quit)
Aiming: Paralyse
Press: ? - help, Shift-Dir - straight line, f/p - ogre
Aim: an ogre, wielding a +0 giant club (chance to defeat MR: 50%)
The ogre resists with some effort.
You tentacle-slap the jelly.
Your tentacles burn!
* * * LOW HITPOINT WARNING * * *
You tentacle-slap the jelly!
You kill the jelly!
Your Shields skill increases to level 2!
Okay, then.
You see here 14 gold pieces.
You see here 14 gold pieces.
The ogre hits you with a cursed +0 giant club!!
You die...

#≈≈≈≈ ..##.#
##≈≈∩. .y #.###
#.≈y≈≈ .###...#
#≈≈≈####.#...#.#
#.......#..##.#
#....####<##.$##.#
#### #.##..##.#
#.##.O##.#
#.....@..#
##########


You could see an ogre.

Vanquished Creatures
  Sigmund (D:2)
  A water moccasin (D:6)
  A sky beast (D:6)
  A phantom (D:7)
  2 ogres (D:6)
  2 centaurs
  Blork the orc (D:7)
  5 bullfrogs
  2 scorpions
  5 wights (D:7)
  2 howler monkeys (D:8)
  A crimson imp (D:8)
  3 jellies
  3 hounds
  A bullfrog skeleton (D:7)
  An orc priest (D:3)
  4 orc wizards
  2 iguanas
  5 worker ants
  4 gnolls (D:5)
  2 howler monkey skeletons (D:6)
  A river rat (D:3)
  13 adders
  A shadow imp (D:5)
  4 oozes
  An adder skeleton (D:8)
  5 worms
  5 dart slugs
  3 leopard geckos
  27 orcs
  3 ball pythons
  8 bats
  5 giant cockroaches
  4 goblins
  4 hobgoblins
  8 jackals
  9 kobolds
  2 quokkas
  3 frilled lizards
  A jackal zombie (D:5)
  A leopard gecko skeleton (D:4)
  A leopard gecko zombie (D:5)
  10 rats
168 creatures vanquished.

Notes
Turn   | Place    | Note
-------+----------+-------------------------------------------
     0 | D:1      | Lavandula the Octopode Hunter began the quest for the Orb.
     0 | D:1      | Reached XP level 1. HP: 14/14 MP: 1/1
    40 | D:1      | Reached skill level 1 in Unarmed Combat
   107 | D:1      | Reached XP level 2. HP: 18/19 MP: 2/2
   301 | D:2      | Reached skill level 2 in Unarmed Combat
   302 | D:2      | Noticed Sigmund
   307 | D:2      | Reached XP level 3. HP: 12/24 MP: 3/3
   453 | D:2      | Killed Sigmund
   453 | D:2      | Reached skill level 5 in Unarmed Combat
   453 | D:2      | Reached XP level 4. HP: 18/29 MP: 4/4
   453 | D:2      | Reached XP level 5. HP: 22/34 MP: 5/5
   668 | D:3      | Reached XP level 6. HP: 36/39 MP: 6/6
   953 | D:3      | Reached skill level 6 in Unarmed Combat
  1138 | D:3      | Found a glowing drain.
  1146 | Sewer    | Entered a sewer
  1591 | D:4      | Reached XP level 7. HP: 45/45 MP: 7/7
  1750 | D:5      | Entered Level 5 of the Dungeon
  1900 | D:5      | Found a stormy altar of Qazlal.
  1923 | D:5      | Found the +8 frozen axe "Frostbite" {freezing cloud, *Noise
                  | +Fly rC+}
  1969 | D:5      | Found a sparkling altar of Nemelex Xobeh.
  2046 | D:5      | Reached skill level 7 in Unarmed Combat
  2073 | D:5      | Found a runed gate.
  2073 | D:5      | Found a runed gate.
  2073 | D:5      | Found a runed gate.
  2126 | D:5      | Noticed feelmyfire's ghost (novice NaNe)
  2301 | D:6      | Reached skill level 8 in Unarmed Combat
  2301 | D:6      | Reached XP level 8. HP: 50/50 MP: 8/8
  2385 | D:5      | You fall through a shaft!
  2721 | D:6      | Reached skill level 5 in Dodging
  3195 | D:7      | Reached XP level 9. HP: 59/59 MP: 9/9
  3247 | D:8      | Reached skill level 9 in Unarmed Combat
  3504 | D:7      | Noticed Blork the orc
  3513 | D:7      | Killed Blork the orc
  3515 | D:7      | Found a deep blue altar of Sif Muna.
  3589 | D:8      | Found a transporter.
  3589 | D:8      | Noticed Garbasso's ghost (novice OgFE)
  3612 | D:8      | Found a transporter.
  3763 | D:8      | Reached skill level 1 in Evocations
  3767 | D:8      | Reached skill level 1 in Shields
  3809 | D:9      | Found Orrall's Food Boutique.
  3852 | D:9      | Slain by an ogre

Vault maps used:
D:1:      dpeg_arrival_long_road, lemuel_old_faithful
D:2:      uniq_natasha, uniq_sigmund
D:3:      portal_sewer_entry_e
D:5:      grunt_qazlal_sundering, basic_altar, first_ration,
          gammafunk_ghost_icy, dk_noncrumbling_3
D:6:      kennysheep_generic_room_11
D:7:      minmay_temple_entry_purple_smoke, grunt_livestock,
          hangedman_abyss_or_decor_lesser_grid, kennysheep_nondescript, tgw_sif
D:8:      minmay_the_grid_triangle_9x9_recursive_2, gammafunk_ghost_mausoleum
D:9:      serial_shops, nicolae_shop_waterfront, uniq_maurice
Sewer:    sewer_co_15_rooms

Skill      XL: |  1  2  3  4  5  6  7  8  9 |
---------------+----------------------------+-----
Unarmed Combat | 1 2 5 6 8 9 |  9.9
Dodging        | 3 4 6 |  6.1
Fighting       | 4 |  4.3
Evocations     | 1 |  1.2
Shields        | 2 |  2.0
Throwing       | |  4.0
Stealth        | |  1.3

Action                   |  1- 3 |  4- 6 |  7- 9 || total
-------------------------+-------+-------+-------++-------
Melee: Unarmed           |    29 |    91 |   196 ||   316
       Constrict         |     8 |    29 |    53 ||    90
       Tentacles         |     8 |    21 |    47 ||    76
       Punch             |     1 |     1 |    18 ||    20
 Fire: Hunting sling     |       |     7 |       ||     7
Throw: Javelin           |     9 |    32 |    20 ||    61
       Tomahawk          |       |    12 |    34 ||    46
Evoke: Wand              |       |       |     4 ||     4
  Use: Scroll            |       |     2 |     4 ||     6
       Potion            |       |       |     1 ||     1
 Stab: Sleeping          |     2 |     7 |     7 ||    16
       Distracted        |       |       |     1 ||     1
  Eat: Chunk             |       |     2 |     8 ||    10
Armor: Skin              |     4 |     3 |     7 ||    14
Dodge: Dodged            |     8 |    44 |   101 ||   153

Table legend:
 A = Non-vault XP
 B = Vault XP
 C = Vault XP percentage of total XP
 D = Non-vault monster count
 E = Vault monster count
 F = Vault count percentage of total count
                 A         B        C        D         E       F
            +---------+---------+-------+---------+---------+-------
      Total |    2853 |     635 |  18.2 |     139 |      29 |  17.3
            +---------+---------+-------+---------+---------+-------
        D:1 |      21 |       0 |   0.0 |      12 |       0 |   0.0
        D:2 |      51 |     223 |  81.4 |      13 |       1 |   7.1
        D:3 |     132 |      36 |  21.4 |      27 |       8 |  22.9
        D:4 |     221 |       0 |   0.0 |      19 |       0 |   0.0
        D:5 |     396 |       0 |   0.0 |      23 |       0 |   0.0
        D:6 |     778 |     180 |  18.8 |      23 |       2 |   8.0
        D:7 |     799 |      99 |  11.0 |      13 |       1 |   7.1
        D:8 |     415 |       0 |   0.0 |       8 |       0 |   0.0
        D:9 |      40 |       0 |   0.0 |       1 |       0 |   0.0
      Sewer |       0 |      97 | 100.0 |       0 |      17 | 100.0
            +---------+---------+-------+---------+---------+-------
